 Dungeon Crawl Stone Soup version 0.18-a0-1120-g03bd624 (webtiles) character file.

25 4thArraOfDagon the Skirmisher (level 2, 2/26 HPs)
             Began as a Draconian Abyssal Knight on Jan 17, 2016.
             Was a Follower of Lugonu.
             Quit the game on level 2 of the Dungeon.
             The game lasted 00:03:22 (562 turns).

4thArraOfDagon the Skirmisher (DrAK)                 Turns: 562, Time: 00:03:22

Health: 2/26       AC:  4    Str: 14    XL:     2   Next: 86%
Magic:  3/3        EV: 12    Int: 12    God:    Lugonu [*.....]
Gold:   65         SH:  0    Dex: 10    Spells: 0 memorised, 1 level left

rFire  . . .     SeeInvis .     a - +1 falchion
rCold  . . .     Gourm    .     (armour unavailable)
rNeg   . . .     Faith    .     (no shield)
rPois  .         Spirit   .     (helmet restricted)
rElec  .         Dismiss  .     (no cloak)
rCorr  .         Reflect  .     (no gloves)
SustAt .         Harm     .     (no boots)
MR     .....                    (no amulet)
Stlth  +.........               (no ring)
                                (no ring)

@: lethally poisoned (2 -> -5), not resistant to hostile enchantments, very
unstealthy
A: unfitting armour, cold-blooded, AC +4
a: Depart the Abyss, Renounce Religion


You were on level 2 of the Dungeon.
You worshipped Lugonu.
Lugonu was aware of your devotion.
You were not hungry.

You visited 1 branch of the dungeon, and saw 2 of its levels.
You visited the Abyss 1 time.

You collected 65 gold pieces.

Inventory:

Hand Weapons
 a - a +1 falchion (weapon)
Scrolls
 c - a scroll of amnesia {unknown}
 e - a scroll of fog {unknown}
 g - a scroll of recharging {unknown}
 h - a scroll of teleportation {unknown}
 i - a scroll of noise {unknown}
Potions
 d - a potion of brilliance
Comestibles
 b - 3 bread rations


   Skills:
 + Level 3.6 Fighting
 * Level 2.6 Long Blades
 + Level 2.4 Dodging
 + Level 2.2 Invocations


You had one spell level left.
You didn't know any spells.

Dungeon Overview and Level Annotations

Branches:
Dungeon (2/15)

Altars:

Annotations:
D:2 Robin


Innate Abilities, Weirdness & Mutations

Your plain brown scales are hard (AC +4).
Your body does not fit into most forms of armour.
You are cold-blooded and may be slowed by cold attacks.


Message History

You closely miss the adder.
The adder is heavily wounded.
You feel sick. The adder bites you.
* * * LOW HITPOINT WARNING * * *
The adder bites you.
* * * LOW HITPOINT WARNING * * *
Unknown command.
You closely miss the adder.
The adder is heavily wounded.
The adder bites you but does no damage.
Unknown command.
You hit the adder.
The adder is severely wounded.
* * * LOW HITPOINT WARNING * * *
You feel sick. The adder bites you.
* * * LOW HITPOINT WARNING * * *
The adder bites you but does no damage.
Unknown command.
Unknown command.
Are you sure you want to abandon this character and quit the game? (Confirm with "yes".)

#.## #####.### #.# #.....#
g.#.......##.....#######
##
###........#............
.... ....>.!.#......#.....
.#.. ........#...gg.......
.(.. .....######g#.#####
## # ...# #S#.# #
##g######@#.# #
#g..........#
#.#####.#.### #
#.#####.#.# #
####[##......#### #
#####..)....#.......# #
g.g..l##.####..####.# .
########.......####.##....
######.##g).g.......


You could see an adder, 2 hobgoblins and a goblin.

Vanquished Creatures
  2 giant geckos
  A ball python (D:1)
  8 goblins
  3 hobgoblins
  2 bats
  2 giant newts (D:2)
  2 kobolds
  2 rats (D:1)
22 creatures vanquished.

Notes
Turn   | Place    | Note
--------------------------------------------------------------
     0 | Abyss:1  | 4thArraOfDagon the Draconian Abyssal Knight began the quest for the Orb.
     0 | Abyss:1  | Reached XP level 1. HP: 19/19 MP: 2/2
    69 | Abyss:1  | Noticed a small abomination
    99 | Abyss:1  | Noticed a wight
   106 | Abyss:1  | Noticed a large abomination
   125 | Abyss:1  | Noticed a large abomination
   125 | D:1      | Escaped the Abyss
   142 | D:1      | Noticed a wolf
   142 | D:1      | Noticed a salamander
   144 | D:1      | Noticed a polar bear
   144 | D:1      | Noticed a komodo dragon
   245 | D:1      | Reached XP level 2. HP: 17/26 MP: 3/3
   329 | D:2      | Reached * piety under Lugonu
   450 | D:2      | Noticed Robin
   562 | D:2      | Quit the game

Vault maps used:
D:1:      onia_arrival_zoo_common
D:2:      uniq_robin

Action                   || total
-------------------------++-------
Melee: Falchion          ||    79
Invok: Depart the Abyss  ||     1
  Use: Scroll            ||     1
       Potion            ||     1
